 Dungeon Crawl Stone Soup version 0.21-a0-442-g848f44b (webtiles) character file.

19082 theanonym the Brawler (level 12, -4/122 HPs)
             Began as a Troll Monk on Nov 15, 2017.
             Slain by an 11-headed hydra (6 damage)
             ... on level 3 of the Lair of Beasts.
             The game lasted 00:27:19 (11057 turns).

theanonym the Brawler (Troll Monk)                 Turns: 11057, Time: 00:27:20

Health: -4/122     AC: 10    Str: 26    XL:     12   Next: 33%
Magic:  11/11      EV: 10    Int:  6    God:
Gold:   814        SH:  0    Dex: 12    Spells: 11/11 levels left

rFire    . . .     SeeInvis .     - Unarmed
rCold    . . .     Gourm    +   (no shield)
rNeg     . . .     Faith    .   q - +0 troll leather armour {Regen+}
rPois    +         Spirit   .   (helmet restricted)
rElec    .         Reflect  .   u - +2 cloak {rPois}
rCorr    .         Harm     .   (gloves unavailable)
MR       +....                  (boots unavailable)
Stlth    +.........             n - amulet of rage {+Rage}
HPRegen  1.10/turn              l - ring of poison resistance {rPois}
MPRegen  0.12/turn              H - ring of protection from magic {MR+}

@: no status effects
A: unfitting armour, claws 3, fast metabolism 3, gourmand, regeneration 1,
shaggy fur 1, tough skin 2
a: Evoke Berserk Rage


Innate Abilities, Weirdness & Mutations

You are too large for most types of armour.
You have claws for hands.
Your metabolism is lightning-fast.
You like to eat raw meat.
Your natural rate of healing is unusually fast.
You are covered in fur. (AC +1)
You have very tough skin. (AC +2)


   Skills:
 + Level 8.8 Fighting
 - Level 5.2 Throwing
 + Level 2.4 Dodging
 - Level 1.0 Stealth
 * Level 16.3 Unarmed Combat


You had 11 spell levels left.
You didn't know any spells.

Skill      XL: |  1  2  3  4  5  6  7  8  9 10 11 12 |
---------------+-------------------------------------+-----
Unarmed Combat | 4 5 6 8 10 11 13 14 15 16 | 16.3
Fighting       | 3 5 7 8 |  8.8
Throwing       | 4 5 |  5.2
Dodging        | |  2.4
Stealth        | |  1.0

Action                   |  1- 3 |  4- 6 |  7- 9 | 10-12 || total
-------------------------+-------+-------+-------+-------++-------
Melee: Unarmed           |    56 |   139 |   369 |   419 ||   983
       Punch             |       |     3 |    20 |    36 ||    59
Throw: Stone             |       |     3 |    23 |    34 ||    60
       Throwing net      |       |       |     1 |       ||     1
       Javelin           |       |       |       |    10 ||    10
       Large rock        |       |       |       |     3 ||     3
Evoke: Wand              |       |       |       |    16 ||    16
       Fan of gales      |       |       |       |     1 ||     1
  Use: Scroll            |       |     3 |     5 |     3 ||    11
       Potion            |       |       |     5 |     6 ||    11
 Stab: Distracted        |     1 |       |     1 |       ||     2
       Sleeping          |     1 |     1 |     2 |       ||     4
       Paralysed         |       |       |       |    17 ||    17
       Confused          |       |       |       |     2 ||     2
  Eat: Chunk             |     6 |    21 |    34 |    40 ||   101
Armor: Robe              |    18 |    40 |   110 |    32 ||   200
       Skin              |       |       |     1 |    59 ||    60
       Troll leather arm |       |       |       |    56 ||    56
Dodge: Dodged            |    19 |    79 |   137 |   172 ||   407

Inventory:

Missiles
 c - 378 stones
 o - a throwing net
 D - 4 large rocks
 J - 4 javelins (quivered)
 N - 2 poisoned tomahawks
Armour
 q - a +0 troll leather armour (worn) {Regen+}
   (You found it on level 9 of the Dungeon)
 u - a +2 cloak of poison resistance (worn)
   (You took it off Crazy Yiuf on level 3 of the Dungeon)
 L - a +0 shield
   (You found it on level 1 of the Lair of Beasts)
Jewellery
 l - a ring of poison resistance (left claw) {rPois}
   (You found it on level 1 of the Dungeon)
 n - an amulet of rage (around neck) {+Rage}
   (You found it on level 2 of the Dungeon)
 s - the ring "Yseamevvogg" {Ice Int-4 Dex+4}
   (You found it on level 8 of the Dungeon)

   [ring of ice]

   It enhances your ice magic.
   It affects your intelligence (-4).
   It affects your dexterity (+4).
   It makes you vulnerable to fire.
   It protects you from cold.
 C - the ring of Oenomania {*Tele rF++ Str-2 Dex+4}
   (You found it on level 5 of the Dungeon)

   [ring of teleportation]

   It may teleport you next to monsters.
   It affects your strength (-2).
   It affects your dexterity (+4).
   It greatly protects you from fire.
 E - an uncursed ring of see invisible {sInv}
   (You took it off a centaur on level 6 of the Dungeon)
 H - a ring of protection from magic (right claw) {MR+}
   (You found it on level 9 of the Dungeon)
Wands
 e - a wand of lightning (7/15)
   (You took it off Maurice on level 9 of the Dungeon)
 g - a wand of paralysis (4/24)
   (You found it on level 4 of the Dungeon)
 v - a wand of iceblast (11/15)
   (You found it on level 4 of the Dungeon)
 w - a wand of polymorph (2/24)
   (You found it on level 4 of the Dungeon)
 K - a wand of iceblast (0/15)
   (You found it on level 1 of the Lair of Beasts)
Scrolls
 a - a scroll of enchant weapon {unknown}
 b - 3 scrolls of blinking
 j - 2 scrolls of holy word {unknown}
 r - a scroll of identify
 t - 9 scrolls of teleportation {!r}
 y - a scroll of immolation
 B - 2 scrolls of remove curse
 F - a scroll of fog {unknown}
 O - a scroll of recharging
 P - a scroll of random uselessness {unknown}
Potions
 d - 7 potions of curing
 f - a potion of lignification
 i - a potion of brilliance {unknown}
 p - a potion of resistance {unknown}
 x - a potion of flight {unknown}
 A - 2 potions of mutation
 I - 4 potions of agility {unknown}
 M - a potion of magic {unknown}
Miscellaneous
 G - a fan of gales
   (You found it on level 9 of the Dungeon)
Comestibles
 h - 30 royal jellies
 k - 7 bread rations
 m - 6 meat rations
 z - 9 fruits

Dungeon Overview and Level Annotations

Branches:
Dungeon (10/15)            Temple (1/1) D:6            Lair (3/6) D:10
    Orc (1/2) D:9
  Swamp: Lair:2-4    Shoals: Lair:2-4     Snake: Lair:2-4    Spider: Lair:2-4

Altars:
Ashenzari
Cheibriados
Dithmenos
Elyvilon
Fedhas
Gozag
Hepliaklqana
Kikubaaqudgha
Makhleb
Nemelex Xobeh
Okawaru
Qazlal
Ru
Sif Muna
Trog
Uskayaw
Vehumet
Wu Jian
Xom
Yredelemnul
Zin
The Shining One

Shops:
D:5 :

Annotations:
Lair:1 exclusion: oklob plant


You were on level 3 of the Lair of Beasts.
You were not hungry.

You visited 4 branches of the dungeon, and saw 15 of its levels.

You collected 814 gold pieces.


Message History

You kill the water moccasin!
No target in view!
No target in view!
No target in view!
You see here a water moccasin corpse.
Found a papyrus book.
You see here a book of Unlife.
Done exploring.
Done exploring.
Done exploring.
Done exploring.
Done exploring.
Done exploring.
No target in view!
There is a stone staircase leading down here.
You climb downwards.
Found a scroll of recharging.
There is a stone staircase leading up here.
Unknown command.
A bullfrog comes into view.
A bullfrog is nearby!
Search for what [Enter for "buck", or ? for help]?
Okay, then.
There's nothing to open nearby.
Unknown command.
Unknown command.
Unknown command.
A bullfrog is nearby!
No target in view!
O - a scroll of recharging No target in view!
No target in view!
No target in view!
r - a scroll of identify;
P - a scroll labeled OGGEGR MOEFFU Unknown command.
Unknown command.
You now have 789 gold pieces (gained 22).
You now have 814 gold pieces (gained 25).
A bullfrog comes into view.
A bullfrog is nearby!
A bullfrog is nearby!
A bullfrog is nearby!
A bullfrog is nearby!
The bullfrog gives a loud, deep croak!
The bullfrog hits you but does no damage. x2
Found a stone staircase leading down.
You mangle the bullfrog!!
You kill the bullfrog!
An eight-headed hydra comes into view.
Aim: an eight-headed hydra (hasn't noticed you, chance to defeat MR: 15%)
The eight-headed hydra roars!
The eight-headed hydra resists with almost no effort.
This wand has 6 charges left.
Aim: an eight-headed hydra (chance to defeat MR: 15%)
The eight-headed hydra resists with almost no effort.
This wand has 5 charges left.
Aim: an eight-headed hydra (chance to defeat MR: 15%)
The eight-headed hydra resists with almost no effort.
This wand has 4 charges left.
You claw one of the eight-headed hydra's heads off!
The seven-headed hydra grows two more!
You eviscerate the nine-headed hydra!!!
You claw one of the nine-headed hydra's heads off!
The eight-headed hydra grows two more!
You claw the ten-headed hydra!
The ten-headed hydra bites you. x2; The ten-headed hydra bites you! x2
The ten-headed hydra barely misses you. The ten-headed hydra bites you.
The ten-headed hydra bites you! The ten-headed hydra bites you.
The ten-headed hydra bites you! The ten-headed hydra bites you.
You take 46 damage, and have 76/122 hp.
MASSIVE DAMAGE!!
You scratch the ten-headed hydra but do no damage.
The ten-headed hydra bites you. x2; The ten-headed hydra bites you!
* * * LOW HITPOINT WARNING * * *
The ten-headed hydra bites you but does no damage.
The ten-headed hydra bites you!
* * * LOW HITPOINT WARNING * * *
The ten-headed hydra bites you!
* * * LOW HITPOINT WARNING * * *
The ten-headed hydra bites you.
* * * LOW HITPOINT WARNING * * *
The ten-headed hydra bites you.
* * * LOW HITPOINT WARNING * * *
The ten-headed hydra barely misses you.
The ten-headed hydra bites you but does no damage.
You take 44 damage, and have 32/122 hp.
MASSIVE DAMAGE!!
You rip one of the ten-headed hydra's heads off!
The nine-headed hydra grows two more!
You mangle the 11-headed hydra!! The 11-headed hydra bites you.
* * * LOW HITPOINT WARNING * * *
The 11-headed hydra bites you but does no damage.
The 11-headed hydra bites you!
* * * LOW HITPOINT WARNING * * *
The 11-headed hydra bites you but does no damage.
The 11-headed hydra bites you.
* * * LOW HITPOINT WARNING * * *
The 11-headed hydra bites you.
* * * LOW HITPOINT WARNING * * *
The 11-headed hydra bites you but does no damage.
The 11-headed hydra barely misses you. The 11-headed hydra bites you!
* * * LOW HITPOINT WARNING * * *
The 11-headed hydra bites you.
You die...

..##......#....##..##
..###....####.#.....#
.#.##..............P#
###.#...............#
##..P..............##
....................#
....................#
...................##
..###...........@..#
...##...........D..#
....................#
...#...............##
...##..............#
...#..........>....#
#..#P..............#
#.P................#
.............


You could see a 11-headed hydra.

Notes
Turn   | Place    | Note
-------+----------+-------------------------------------------
     0 | D:1      | theanonym the Troll Monk began the quest for the Orb.
     0 | D:1      | Reached XP level 1. HP: 22/22 MP: 0/0
   648 | D:2      | Reached XP level 2. HP: 21/29 MP: 1/1
   690 | D:2      | Reached skill level 4 in Unarmed Combat
   719 | D:2      | Reached XP level 3. HP: 28/36 MP: 2/2
   750 | D:2      | Noticed Natasha
   755 | D:2      | Killed Natasha
   773 | D:2      | Noticed a scorpion
   783 | D:2      | Killed a scorpion
   783 | D:2      | Reached skill level 5 in Unarmed Combat
   783 | D:2      | Reached XP level 4. HP: 25/44 MP: 3/3
   912 | D:2      | Noticed Natasha
   917 | D:2      | Killed Natasha
   917 | D:2      | Reached XP level 5. HP: 35/50 MP: 4/4
  1025 | D:2      | Noticed Natasha
  1035 | D:2      | Killed Natasha
  1035 | D:2      | Reached skill level 6 in Unarmed Combat
  1071 | D:2      | Found a faded altar of an unknown god.
  1236 | D:2      | Reached XP level 6. HP: 59/59 MP: 5/5
  1288 | D:2      | Reached skill level 7 in Unarmed Combat
  1469 | D:3      | Noticed Jessica
  1475 | D:3      | Killed Jessica
  1752 | D:3      | Found a glowing golden altar of the Shining One.
  1772 | D:3      | HP: 28/59 [centaur (7)]
  2081 | D:3      | Found a runed door.
  2287 | D:3      | Noticed Crazy Yiuf
  2294 | D:3      | Killed Crazy Yiuf
  2382 | D:4      | Reached skill level 8 in Unarmed Combat
  2390 | D:4      | Reached XP level 7. HP: 63/66 MP: 6/6
  2824 | D:4      | Reached skill level 9 in Unarmed Combat
  2982 | D:5      | Entered Level 5 of the Dungeon
  3007 | D:5      | Noticed Edmund
  3022 | D:5      | HP: 29/66 [Edmund/flail of draining (7)]
  3029 | D:5      | HP: 19/66 [Edmund/flail of draining (9)]
  3031 | D:5      | Killed Edmund
  3120 | D:5      | Found a shattered altar of Ashenzari.
  3146 | D:5      | Noticed Prince Ribbit
  3163 | D:5      | HP: 19/66 [Prince Ribbit (20)]
  3177 | D:5      | Killed Prince Ribbit
  3177 | D:5      | Reached skill level 10 in Unarmed Combat
  3177 | D:5      | Reached XP level 8. HP: 61/74 MP: 7/7
  3589 | D:5      | Got a wavering bronze ring
  3597 | D:5      | Identified the ring of Oenomania {*Tele rF++ Str-2 Dex+4} (You found it on level 5 of the Dungeon)
  3652 | D:5      | Found a hazy altar of Hepliaklqana.
  3655 | D:5      | Reached skill level 3 in Fighting
  3723 | D:5      | Found Dotaepid's Book Emporium.
  3861 | D:6      | Found a staircase to the Ecumenical Temple.
  3868 | Temple   | Entered the Ecumenical Temple
  4327 | D:6      | Reached skill level 11 in Unarmed Combat
  4449 | D:6      | Found a stormy altar of Qazlal.
  4493 | D:6      | Noticed Blork the orc
  4497 | D:6      | Killed Blork the orc
  4544 | D:6      | Reached XP level 9. HP: 68/84 MP: 8/8
  4547 | D:6      | Reached skill level 4 in Fighting
  4609 | D:6      | Found an ancient bone altar of Kikubaaqudgha.
  4706 | D:6      | Found a basalt altar of Yredelemnul.
  4894 | D:6      | Found a blossoming altar of Fedhas.
  4922 | D:6      | Found a white marble altar of Elyvilon.
  5010 | D:7      | Reached skill level 12 in Unarmed Combat
  5242 | D:7      | Reached skill level 5 in Fighting
  5726 | D:8      | Found a snail-covered altar of Cheibriados.
  5731 | D:8      | Got a translucent glass ring
  5733 | D:8      | Identified the ring "Yseamevvogg" {Ice Int-4 Dex+4} (You found it on level 8 of the Dungeon)
  6124 | D:8      | Reached skill level 13 in Unarmed Combat
  6124 | D:8      | Reached XP level 10. HP: 84/98 MP: 9/9
  6346 | D:9      | Reached skill level 6 in Fighting
  6540 | D:9      | Noticed a two-headed ogre
  6918 | D:9      | Found a shimmering altar of Xom.
  6919 | D:9      | Found a burning altar of Makhleb.
  7000 | D:9      | Killed a two-headed ogre
  7126 | D:9      | Noticed Joseph
  7153 | D:9      | Reached skill level 14 in Unarmed Combat
  7156 | D:9      | HP: 73/150 [orc priest/divine providence (15)]
  7163 | D:9      | Killed Joseph
  7165 | D:9      | HP: 52/150 [orc priest/divine providence (13)]
  7326 | D:9      | Found a staircase to the Orcish Mines.
  7594 | D:9      | Found a deep blue altar of Sif Muna.
  7594 | D:9      | Found a bloodstained altar of Trog.
  7594 | D:9      | Noticed Maurice
  7609 | D:9      | Killed Maurice
  7609 | D:9      | Reached skill level 7 in Fighting
  7788 | Orc:1    | Entered Level 1 of the Orcish Mines
  7931 | Orc:1    | Reached XP level 11. HP: 76/109 MP: 10/10
  7958 | Orc:1    | Noticed an orc warlord
  8005 | D:10     | Entered Level 10 of the Dungeon
  8155 | D:10     | Found an ancient bone altar of Kikubaaqudgha.
  8181 | D:10     | HP: 54/109 [cyclops (25)]
  8186 | D:10     | Reached skill level 1 in Throwing
  8352 | D:10     | Noticed Laiders's ghost (journeyman MiFi)
  8395 | D:10     | Killed Laiders's ghost
  8469 | D:10     | Reached skill level 2 in Throwing
  8474 | D:10     | Reached skill level 15 in Unarmed Combat
  8752 | D:10     | Noticed a two-headed ogre
  8759 | D:10     | Killed a two-headed ogre
  8896 | D:10     | Found a staircase to the Lair.
  9088 | Lair:1   | Entered Level 1 of the Lair of Beasts
  9112 | Lair:1   | Reached skill level 3 in Throwing
  9297 | Lair:1   | Reached skill level 8 in Fighting
  9395 | Lair:1   | Noticed an oklob plant
  9428 | Lair:1   | Noticed a seven-headed hydra
  9431 | Lair:1   | Noticed a satyr
  9431 | Lair:1   | a seven-headed hydra changed into a satyr
  9436 | Lair:1   | Killed a satyr
  9615 | Lair:1   | Reached skill level 4 in Throwing
  9887 | Lair:2   | HP: 56/113 [yak (4)]
  9891 | Lair:2   | HP: 23/113 [yak (14)]
 10036 | Lair:2   | Reached XP level 12. HP: 122/122 MP: 11/11
 10293 | Lair:2   | Noticed a five-headed hydra
 10406 | Lair:2   | Reached skill level 16 in Unarmed Combat
 10449 | Lair:2   | HP: 57/122 [killer bee (8)]
 10454 | Lair:2   | HP: 48/122 [killer bee (5)]
 10460 | Lair:2   | HP: 45/122 [killer bee (3)]
 10466 | Lair:2   | HP: 48/122 [poisoned by a queen bee]
 10625 | Lair:2   | Killed a 12-headed hydra
 10625 | Lair:2   | Reached skill level 5 in Throwing
 11049 | Lair:3   | Noticed an eight-headed hydra
 11056 | Lair:3   | HP: 57/122 [ten-headed hydra (15)]
 11057 | Lair:3   | HP: 20/122 [11-headed hydra (12)]
 11057 | Lair:3   | HP: 2/122 [11-headed hydra (12)]
 11057 | Lair:3   | Slain by an 11-headed hydra

Vanquished Creatures
  The ghost of Laiders the Basher, a journeyman MiFi of the Shining One (D:10)
  A hydra (Lair:2)
  A satyr (Lair:1)
  2 two-headed ogres
  A cyclops (D:10)
  Maurice (D:9)
  Joseph (D:9)
  3 spiny frogs
  A troll (D:9)
  A queen bee (Lair:2)
  Prince Ribbit (D:5)
  5 hippogriffs
  9 blink frogs
  19 yaks
  Edmund (D:5)
  4 water moccasins
  8 orc warriors
  2 ice beasts
  5 porcupines
  A swamp drake (D:9)
  A black bear (D:10)
  4 necrophages
  3 sky beasts
  A phantom (D:4)
  5 centaurs
  5 ogres
  2 crocodiles (Lair:1)
  Blork the orc (D:6)
  A gnoll sergeant (D:9)
  11 bullfrogs
  5 scorpions
  A wight (D:6)
  23 killer bees (Lair:2)
  2 howler monkeys
  8 crimson imps
  A quasit (D:9)
  2 jellies (D:5)
  5 hounds
  10 orc priests
  Crazy Yiuf (D:3)
  Jessica (D:3)
  3 iguanas
  Natasha (thrice) (D:2)
  13 orc wizards
  8 worker ants
  A killer bee zombie (D:7)
  A hound zombie (D:7)
  2 hound skeletons
  A howler monkey zombie (D:5)
  8 gnolls
  15 adders
  3 shadow imps
  An ooze (D:4)
  An adder skeleton (D:6)
  4 worms
  2 dart slugs
  5 leopard geckos
  45 orcs
  3 giant cockroaches
  12 goblins
  6 hobgoblins (D:2)
  4 jackals
  3 quokkas
  7 ball pythons
  4 bats
  5 frilled lizards
  5 kobolds
  A quokka zombie (D:7)
  9 rats
336 creatures vanquished.
